 Dungeon Sprint DCSS version 0.30-a0-4-ga7cffc901d (webtiles) character file.

Game seed: 14446944495038182027

448 mhtbhm the Unseen (level 6, -9/33 HPs)
             Began as a Spriggan Brigand on Aug 21, 2022.
             Was a Follower of Dithmenos.
             Killed from afar by a gargoyle (25 damage)
             ... with a stone arrow
             ... in the Dungeon (Sprint IX: "|||||||||||||||||||||||||||||").
             The game lasted 00:01:05 (458 turns).

mhtbhm the Unseen (Spriggan Brigand)                 Turns: 458, Time: 00:01:05

Health: -9/33      AC:  3    Str: 10    XL:     6   Next: 73%
Magic:  8/10       EV: 19    Int: 12    God:    Dithmenos [*.....]
Gold:   0          SH:  0    Dex: 22    Spells: 5/5 levels left

rFire   . . .      SeeInvis +    a - +2 rapier (drain)
rCold   . . .      Faith    .    (no shield)
rNeg    . . .      Spirit   .    b - +0 robe
rPois   .          Reflect  .    (helmet restricted)
rElec   .          Harm     .    c - +0 cloak
rCorr   .          Rampage  .    (gloves unavailable)
Will    +....      NoTele   +    (boots unavailable)
Stlth   ++++++++..               (no amulet)
HPRegen 0.11/turn                o - +3 ring of strength
MPRegen 0.12/turn                p - +3 ring of dexterity

@: wreathed by umbra, very quick
A: very small, no large weapons, unfitting armour, see invisible, speed 3
a: Renounce Religion


You were in the Dungeon.
You worshipped Dithmenos.
Dithmenos was aware of your devotion.
You visited 1 branch

Inventory:

Hand Weapons
 a - a +2 rapier of draining (weapon)
 n - the +8 autumn katana {vorpal, manifold assault}
   (You found it in the Dungeon)

   It sometimes launches melee attacks against multiple visible enemies.
Missiles
 d - 5 poisoned darts (quivered)
Armour
 b - a +0 robe (worn)
 c - a +0 cloak (worn)
Jewellery
 o - a +3 ring of strength (left hand)
 p - a +3 ring of dexterity (right hand)
Wands
 m - a wand of roots (10)
Scrolls
 k - 2 scrolls of blinking
 l - 2 scrolls of amnesia
Potions
 f - 5 potions of curing
 g - 2 potions of heal wounds
 h - a potion of haste
 i - 4 potions of magic
 j - a potion of invisibility


   Skills:
 + Level 4.1 Fighting
 + Level 8.2 Short Blades
 + Level 4.0 Throwing
 + Level 3.2 Dodging
 + Level 16.1 Stealth
 * Level 4.1 Invocations


You had 5 spell levels left.
You didn't know any spells.
Your spell library was empty.

Dungeon Overview and Level Annotations

Branches:
Dungeon (1/1)

Altars:
Cheibriados
Dithmenos
Elyvilon
Fedhas
Gozag
Hepliaklqana
Kikubaaqudgha
Makhleb
Nemelex Xobeh
Okawaru
Qazlal
Ru
Sif Muna
Trog
Uskayaw
Vehumet
Wu Jian
Xom
Yredelemnul
Zin
The Shining One
Jiyva
Lugonu


Innate Abilities, Weirdness & Mutations

You are very small and have problems with some larger weapons.
You are too small for most types of armour.
You have supernaturally acute eyesight. (SInv)
You cover ground extremely quickly. (Speed+++)


Message History

The orc wizard looks as sick as possible!
The orc wizard convulses.
The orc wizard seems to slow down.
The orc wizard is severely wounded.
You kill the orc wizard!
Dithmenos accepts your kill.
You are shrouded in an aura of darkness!
Your Throwing skill increases to level 4!
Items here: ))))).
Unknown command.
Unknown command.
Press: ? - help, v - describe, . - travel, g - get item
Here: a gargoyle, wielding a +0 dire flail
Items here: a curare-tipped dart; 2 poisoned darts; a +0 pair of boots.
The floor.
Okay, then.
The gargoyle hurls a stone arrow at you.
The stone arrow hits you!
Items here: ) [[ †.
You hit the gargoyle but do no damage. The gargoyle completely misses you.
You feel much better. The gargoyle closely misses you.
You hit the gargoyle but do no damage. The gargoyle misses you.
You hit the gargoyle but do no damage. You hit the gargoyle.
The gargoyle is lightly damaged.
The gargoyle misses you.
You barely miss the gargoyle.
You punch the gargoyle, but do no damage.
The gargoyle is lightly damaged.
The gargoyle closely misses you.
You hit the gargoyle but do no damage.
The gargoyle is lightly damaged.
The gargoyle hits you with a +0 dire flail!
Ouch! That really hurt!
Okay, then.
Items here: ))))).
The gargoyle hurls a stone arrow at you.
The stone arrow hits you!!
Ouch! That really hurt!
You die... ▓▓▓▓▓▓▓▓▓▓▓▓▓▓▓▓▓▓▓▓▓▓▓▓▓▓▓▓▓▓▓▓ +.W...†'(W(y9.)@.'______________ ▓▓▓▓▓▓▓▓▓▓▓▓▓▓▓▓▓▓▓▓▓▓▓▓▓▓▓▓▓▓▓▓

You could see a wraith, a gargoyle and a killer bee.

Vanquished Creatures
  A troll (D)
  An ice beast (D)
  A necrophage (D)
  A howler monkey (D)
  An orc wizard (D)
  3 orcs (D)
  An endoplasm (D)
  2 hobgoblins (D)
  A jackal (D)
  A frilled lizard (D)
13 creatures vanquished.

Notes
Turn   | Place    | Note
-------+----------+-------------------------------------------
     0 | D        | mhtbhm the Spriggan Brigand began the quest for the Orb.
     0 | D        | Reached XP level 1. HP: 10/10 MP: 2/2
    13 | D        | Reached skill level 6 in Stealth
    26 | D        | Reached skill level 7 in Stealth
   227 | D        | Noticed an ice beast
   227 | D        | Noticed a necrophage
   230 | D        | Reached XP level 2. HP: 15/15 MP: 3/3
   231 | D        | Killed a necrophage
   232 | D        | Reached skill level 10 in Stealth
   232 | D        | Reached XP level 3. HP: 19/19 MP: 4/4
   239 | D        | Killed an ice beast
   240 | D        | Reached skill level 5 in Short Blades
   240 | D        | Reached skill level 13 in Stealth
   240 | D        | Reached XP level 4. HP: 24/24 MP: 5/5
   240 | D        | Reached XP level 5. HP: 28/28 MP: 6/6
   377 | D        | Found a snail-covered altar of Cheibriados.
   377 | D        | Found a shadowy altar of Dithmenos.
   377 | D        | Found a white marble altar of Elyvilon.
   377 | D        | Found a blossoming altar of Fedhas.
   377 | D        | Found an opulent altar of Gozag.
   378 | D        | Found a hazy altar of Hepliaklqana.
   379 | D        | Found a viscous altar of Jiyva.
   380 | D        | Found an ancient bone altar of Kikubaaqudgha.
   381 | D        | Found a corrupted altar of Lugonu.
   382 | D        | Found a burning altar of Makhleb.
   384 | D        | Became a worshipper of Dithmenos the Shadowed
   386 | D        | Found a sparkling altar of Nemelex Xobeh.
   387 | D        | Found an iron altar of Okawaru.
   388 | D        | Found a stormy altar of Qazlal.
   389 | D        | Found a sacrificial altar of Ru.
   390 | D        | Found a shimmering blue altar of Sif Muna.
   391 | D        | Found a bloodstained altar of Trog.
   392 | D        | Found a hide-covered altar of Uskayaw.
   393 | D        | Found a radiant altar of Vehumet.
   394 | D        | Found an ornate altar of the Wu Jian Council.
   395 | D        | Found a shimmering altar of Xom.
   396 | D        | Found a basalt altar of Yredelemnul.
   397 | D        | Found a glowing silver altar of Zin.
   398 | D        | Found a glowing golden altar of the Shining One.
   406 | D        | Found the +8 autumn katana {vorpal, manifold assault}
   428 | D        | Noticed a wraith
   428 | D        | Noticed a gargoyle
   428 | D        | Noticed a troll
   430 | D        | Killed a troll
   431 | D        | Reached skill level 15 in Stealth
   431 | D        | Reached XP level 6. HP: 33/33 MP: 6/9
   443 | D        | Reached skill level 16 in Stealth
   446 | D        | Reached * piety under Dithmenos
   458 | D        | Killed from afar by a gargoyle

Illustrated notes

Levels and vault maps discovered:
D:        linesprint [early_d, line_temple, items_1, d_10, items_2, lair_1,
          lair_end, items_3, orc_1, orc_end, items_4, d_15, swamp_1, shoals_1,
          snake_1, spider_1, d_20, vaults_1, items_5, swamp_end, shoals_end,
          snake_end, spider_end, vaults_end, d_27, items_6, zot_1, zot_end,
          crypt_end, forest_end, elf_end, slime_end, tomb_end, abyss_end,
          pan_hell_end]

Skill      XL: |  1  2  3  4  5  6 |
---------------+-------------------+-----
Stealth        | 7 10 13 15 16 | 16.1
Fighting       | 2 3 4 |  4.1
Short Blades   | 4 5 7 8 |  8.2
Throwing       | 3 4 |  4.0
Dodging        | 2 3 |  3.2
Invocations    | 3 4 |  4.1

Action                   |  1- 3 |  4- 6 || total
-------------------------+-------+-------++-------
Melee: Dagger            |    29 |     1 ||    30
       Rapier            |       |     7 ||     7
       Punch             |       |     1 ||     1
Throw: Dart              |       |     7 ||     7
  Use: Potion            |     1 |     1 ||     2
 Stab: Sleeping          |     3 |     1 ||     4
Armor: Robe              |     1 |       ||     1
Dodge: Dodged            |    14 |     5 ||    19

Table legend: (Time is in decaauts)
 A = Elapsed time spent in this place.
 B = Non-inter-level travel time spent in this place.
 C = Inter-level travel time spent in this place.
 D = Time resting spent in this place.
 E = Time spent auto-exploring this place.
 F = Levels seen in this place.
 G = Mean time per level.
                   A        B        C        D        E       F      G
               +--------+--------+--------+--------+--------+-----+--------+
         Total |    429 |    429 |      0 |    335 |      1 |   1 |  429.0 |
       Dungeon |    429 |    429 |      0 |    335 |      1 |   1 |  429.0 |
               +--------+--------+--------+--------+--------+-----+--------+

Top non-repeatable levels by time:
       D: 429 daAuts
